 Dungeon Crawl Stone Soup version 0.31-a0-1008-g5b978da (webtiles) character file.

Game seed: 7171251250552977296

38154 Partyfoot the Brawler (level 13, -6/113 HPs)
             Began as a Demonspawn Fighter on Nov 12, 2023.
             Was a High Priest of Wu Jian.
             Mangled by a cane toad (14 damage)
             ... on level 4 of the Lair of Beasts.
             The game lasted 01:21:52 (17324 turns).

Partyfoot the Brawler (Demonspawn Fighter)         Turns: 17324, Time: 01:21:53

Health: -6/113     AC: 25    Str: 19    XL:     13   Next: 62%
Magic:  0/13       EV:  8    Int: 10    God:    Wu Jian [*****.]
Gold:   879        SH:  0    Dex: 15    Spells: 12/12 levels left

rFire   . .          .
                       - Unarmed
rCold   . . .        (no shield)
rNeg    . . .        t - +0 plate armour
rPois   +            u - +1 hat
rElec   .            s - +2 cloak
rCorr   .            (no gloves)
SInv    .            (no boots)
Will    .....        i - amulet of the acrobat Stlth
                     e - ring of poison resistance
HPRegen 0.38/turn    B - +4 ring of protection
MPRegen 0.26/turn

%: acrobat, guardian spirit
@: no status effects
A: claws 2, rugged brown scales 2, demonic guardian 1, magic shield, magic
regeneration
a: Renounce Religion, Wall Jump, Serpent's Lash, Heavenly Storm


You were on level 4 of the Lair of Beasts.
You worshipped Wu Jian.
Wu Jian was extremely pleased with you.
You visited 3 branches of the dungeon, and saw 15 of its levels.

You collected 879 gold pieces.

Inventory:

Hand Weapons
 J - the +4 mace of Nurius {venom, rPois}
   (You found it on level 8 of the Dungeon)

   rPois:     It protects you from poison
Missiles
 F - a throwing net
Armour
 s - a +2 cloak (worn)
 t - a +0 plate armour (worn)
 u - a +1 hat (worn)
 z - a +0 kite shield
Jewellery
 e - a ring of poison resistance (left claw)
 h - a ring of wizardry
 i - an amulet of the acrobat (around neck)
 y - a ring of protection from fire
 B - a +4 ring of protection (right claw)
Wands
 a - a wand of digging (5)
 A - a wand of flame (10)
 D - a wand of mindburst (9)
 I - a wand of polymorph (3)
Scrolls
 b - 2 scrolls of vulnerability {unknown}
 d - 2 scrolls of enchant armour {unknown}
 f - 5 scrolls of enchant weapon
 g - 2 scrolls of noise
 m - 3 scrolls of amnesia
 o - 4 scrolls of teleportation
 q - a scroll of fear
 r - 4 scrolls of identify
 v - 3 scrolls of fog
 x - 5 scrolls of immolation
 C - a scroll of torment {unknown}
 H - a scroll of silence {unknown}
 K - a scroll of blinking
Potions
 c - a potion of heal wounds
 j - 3 potions of magic
 l - a potion of cancellation
 n - 2 potions of attraction
 p - a potion of enlightenment
 w - a potion of resistance
 E - a potion of mutation
 G - 2 potions of brilliance


   Skills:
 + Level 12.0 Fighting
 - Level 3.6 Maces & Flails
 - Level 10.1 Armour
 + Level 5.5 Dodging
 - Level 2.7 Shields
 + Level 15.1 Unarmed Combat


You had 12 spell levels left.
You didn't know any spells.
Your spell library contained the following spells:

 Spells                   Type           Power      Damage    Failure   Level
 Apportation              Tloc           0%         N/A       100%        1
 Necrotise                Necr           0%         1d4       100%        1
 Summon Small Mammal      Summ           0%         N/A       100%        1
 Blink                    Tloc           0%         N/A       100%        2
 Ensorcelled Hibernation  Hex/Ice        0%         N/A       100%        2
 Jinxbite                 Hex            0%         N/A       100%        2
 Lesser Beckoning         Tloc           0%         N/A       100%        2
 Momentum Strike          Conj/Tloc      0%         3d8       100%        2
 Passwall                 Tmut/Erth      0%         N/A       100%        2
 Frozen Ramparts          Ice            0%         1d1       100%        3
 Gell's Gravitas          Tloc           0%         N/A       100%        3
 Summon Guardian Golem    Hex/Summ       0%         N/A       100%        3
 Swiftness                Air            0%         N/A       100%        3
 Teleport Other           Tloc           0%         N/A       100%        3
 Vampiric Draining        Necr           0%         2d6       100%        3
 Anguish                  Hex/Necr       0%         N/A       100%        4
 Leda's Liquefaction      Hex/Erth       0%         N/A       100%        4
 Petrify                  Tmut/Erth      0%         N/A       100%        4
 Vhi's Electric Charge    Tloc/Air       0%         N/A       100%        4
 Agony                    Necr           0%         N/A       100%        5
 Arcjolt                  Conj/Air       0%         1d10      100%        5
 Lee's Rapid Deconstruct  Erth           0%         3d4*      100%        5
 Metabolic Englaciation   Hex/Ice        0%         N/A       100%        5
 Summon Forest            Summ/Tloc      0%         N/A       100%        5
 Summon Mana Viper        Hex/Summ       0%         N/A       100%        5
 Bombard                  Conj/Erth      0%         9d1       100%        6
 Summon Cactus Giant      Summ           0%         N/A       100%        6
 Orb of Destruction       Conj           0%         9d5       100%        7
 Spellforged Servitor     Conj/Summ      0%         N/A       100%        7
 Maxwell's Capacitive Co  Air            0%         ∞         100%        8


Dungeon Overview and Level Annotations

Branches:
Dungeon (9/15)             Temple (1/1) D:5            Lair (5/5) D:8
  Swamp (0/4) Lair:2        Snake (0/4) Lair:2          Orc (0/2) D:9
  Slime: Lair:4-5

Altars:
Ashenzari
Cheibriados
Dithmenos
Fedhas
Gozag
Hepliaklqana
Kikubaaqudgha
Makhleb
Nemelex Xobeh
Okawaru
Qazlal
Ru
Sif Muna
Trog
Uskayaw
Vehumet
Wu Jian
Xom
Yredelemnul

Shops:
D:8 (   D:9 [

Annotations:
D:8 3 runed translucent doors, Hug's ghost, novice OpSh
Lair:3 2 runed translucent doors, Nuemoom's ghost, journeyman TrSh; Snorg


Innate Abilities, Weirdness & Mutations

You have very sharp fingernails.
You are mostly covered in rugged brown scales. (AC +2, +5% HP)
A weak demonic guardian rushes to your aid.
When hurt, damage is shared between your health and your magic reserves.
You regenerate magic rapidly.


Message History

You claw the blink frog!
The blink frog is heavily wounded.
You scratch the blink frog.
The blink frog is heavily wounded.
The water moccasin bites your ufetubus.
Your ufetubus dies!
Your ufetubus disappears in a puff of smoke!
The blink frog hits you but does no damage.
You spin and attack the blink frog repeatedly.
You barely miss the blink frog. You claw the blink frog!
The blink frog is almost dead.
You mangle the blink frog!!
You kill the blink frog!
The Council accepts your kill.
You feel less exhausted.
The cane toad attacks as it pursues you!
The cane toad stings you but does no damage.
There is a stone staircase leading up here.
The cane toad stings you!
* * * LOW HITPOINT WARNING * * *
A demonic guardian appears!
You climb upwards.
There is a stone staircase leading down here.
You scratch the cane toad but do no damage.
The cane toad stings you.
* * * LOW HITPOINT WARNING * * *
You scratch the cane toad.
The cane toad is lightly wounded.
The cane toad stings you!
* * * LOW HITPOINT WARNING * * *
You completely miss the cane toad.
The cane toad is lightly wounded.
The cane toad stings you but does no damage.
You scratch the cane toad.
The cane toad is lightly wounded.
The cane toad barely misses you.
You mangle the cane toad!!
The cane toad is severely wounded.
The cane toad stings you!
You die...

###......###P#..##......##......#
#..#......####...#..)....##.'##..
.........................##...##.
.........................#.....#.
..........................8.<.8..
.^....................##'......#.
............#P#......#.#.##.8.##.
#P...#...##.###.(....##..##.###..
#..##....##+.###@.....#.......'..
#P.###..###..# #F....##......##..
.....#..###..# #.....###....###..
...###..P##..# #......###..####..
##'##...########......###..###...
##..##...######......#.#...#P##..
...P.......#.##P.................
.................................
.................................


You could see a cane toad.

Vanquished Creatures
  Kirke (Lair:4)
  3 hydras (Lair:2)
  A skyshark (Lair:5)
  A goliath frog (Lair:5)
  21 elephants
  6 black mambas
  15 cane toads
  8 komodo dragons
  An unseen horror zombie (D:8)
  A rime drake (Lair:3)
  3 polar bears
  7 blink frogs
  A spriggan (Lair:2)
  A shadow (D:7)
  3 wyverns
  Eustachio (D:4)
  30 yaks
  A steam dragon (Lair:3)
  A basilisk (Lair:4)
  3 hogs (Lair:4)
  4 vampire mosquitoes (Lair:5)
  Menkaure (D:4)
  Edmund (D:4)
  18 water moccasins
  2 sky beasts (D:4)
  3 orc warriors
  6 black bears
  26 wolves
  2 ogres
  3 centaurs
  A kobold brigand (D:6)
  22 bullfrogs
  A wyvern zombie (D:8)
  3 scorpions
  15 wights
  3 howler monkeys
  5 centaur zombies (D:8)
  2 gnoll boudas (D:7)
  2 hounds
  A jelly (D:6)
  4 orc priests
  A sleepcap (D:6)
  9 iguanas
  Natasha (twice) (D:3)
  7 orc wizards
  A killer bee zombie (D:8)
  2 howler monkey zombies (D:8)
  10 gnolls (D:7)
  14 adders
  A white imp (D:6)
  2 ufetubi (D:6)
  3 dart slugs
  25 orcs
  9 endoplasms
  A giant cockroach (D:4)
  5 goblins
  5 hobgoblins
  2 jackals (D:1)
  7 quokkas
  6 ball pythons
  4 bats
  3 frilled lizards
  9 kobolds
  2 rats
364 creatures vanquished.

Vanquished Creatures (collateral kills)
  A komodo dragon (D:8)
  4 yaks
  An orc priest (D:8)
6 creatures vanquished.

Vanquished Creatures (others)
  3 humans (Lair:4)
3 creatures vanquished.

Grand Total: 373 creatures vanquished

Notes
Turn   | Place    | Note
-------+----------+-------------------------------------------
     0 | D:1      | Partyfoot the Demonspawn Fighter began the quest for the
                  | Orb.
     0 | D:1      | Reached XP level 1. HP: 18/18 MP: 1/1
   197 | D:1      | Gained mutation: You have sharp fingernails. [demonic
                  | ancestry]
   197 | D:1      | Reached XP level 2. HP: 23/24 MP: 2/2
  1028 | D:2      | Reached XP level 3. HP: 29/29 MP: 3/3
  1457 | D:3      | Found a basalt altar of Yredelemnul.
  1457 | D:3      | Found a blossoming altar of Fedhas.
  1492 | D:3      | Noticed Natasha
  1506 | D:3      | Killed Natasha
  1507 | D:3      | Reached XP level 4. HP: 12/35 MP: 4/4
  1737 | D:3      | Found a broken altar of Ashenzari.
  1740 | D:3      | Noticed Natasha
  1812 | D:3      | Killed Natasha
  1813 | D:3      | Reached skill level 1 in Unarmed Combat
  2204 | D:4      | Noticed a sky beast
  2224 | D:4      | Killed a sky beast
  2225 | D:4      | Reached skill level 2 in Unarmed Combat
  2225 | D:4      | Gained mutation: You regenerate magic rapidly. [demonic
                  | ancestry]
  2225 | D:4      | Reached XP level 5. HP: 32/41 MP: 5/5
  2300 | D:4      | Noticed a sky beast
  2315 | D:4      | Killed a sky beast
  2316 | D:4      | Reached skill level 3 in Unarmed Combat
  2316 | D:4      | Gained mutation: When hurt, damage is shared between your
                  | health and your magic reserves. [demonic ancestry]
  2316 | D:4      | Reached XP level 6. HP: 41/47 MP: 6/6
  2418 | D:4      | Noticed Edmund
  2419 | D:4      | Noticed Eustachio
  2434 | D:4      | Killed Edmund
  2476 | D:4      | Killed Eustachio
  2477 | D:4      | Reached skill level 4 in Unarmed Combat
  2477 | D:4      | Reached XP level 7. HP: 9/52 MP: 4/7
  2923 | D:4      | Noticed Menkaure
  2930 | D:4      | Killed Menkaure
  2931 | D:4      | Reached skill level 5 in Unarmed Combat
  3070 | D:4      | Found an ornate altar of the Wu Jian Council.
  3106 | D:4      | Became a worshipper of the Wu Jian Council
  3319 | D:5      | Entered Level 5 of the Dungeon
  3337 | D:5      | Found a staircase to the Ecumenical Temple.
  3474 | D:5      | Reached skill level 6 in Unarmed Combat
  3507 | D:5      | Gained mutation: You are partially covered in rugged brown
                  | scales. (AC +1, +3% HP) [demonic ancestry]
  3507 | D:5      | Reached XP level 8. HP: 31/59 MP: 8/8
  3594 | Temple   | Entered the Ecumenical Temple
  3722 | D:5      | Reached skill level 7 in Unarmed Combat
  3975 | D:5      | Reached * piety under Wu Jian
  3990 | D:5      | Found a bloodstained altar of Trog.
  4590 | D:6      | Reached skill level 8 in Unarmed Combat
  4981 | D:6      | Reached skill level 5 in Armour
  5103 | D:6      | Reached ** piety under Wu Jian
  5477 | D:7      | Reached XP level 9. HP: 64/64 MP: 9/9
  5835 | D:7      | Found a sparkling altar of Nemelex Xobeh.
  5871 | D:7      | HP: 2/64 [poisoned by an orc priest]
  6512 | D:7      | Reached skill level 9 in Unarmed Combat
  7236 | D:7      | Reached *** piety under Wu Jian
  7580 | D:8      | Gained mutation: A weak demonic guardian rushes to your
                  | aid. [demonic ancestry]
  7580 | D:8      | Reached XP level 10. HP: 44/72 MP: 6/10
  7685 | D:7      | Reached skill level 10 in Unarmed Combat
  7848 | D:8      | Identified the +4 mace of Nurius {venom, rPois}
  7849 | D:8      | Found a burning altar of Makhleb.
  8302 | D:8      | Found a staircase to the Lair.
  8403 | D:8      | Found Wufatid's Weapon Shop.
  8427 | D:8      | Found a snail-covered altar of Cheibriados.
  8559 | D:8      | Found a sacrificial altar of Ru.
  8838 | D:8      | Found a runed translucent gate.
  8838 | D:8      | Found a runed translucent gate.
  8838 | D:8      | Found a runed translucent gate.
  8965 | D:8      | Noticed Hug's ghost (novice OpSh)
  9079 | D:9      | Reached skill level 11 in Unarmed Combat
  9489 | D:9      | Found Sysausup's Armour Emporium.
  9600 | D:9      | Found a staircase to the Orcish Mines.
  9729 | Lair:1   | Entered Level 1 of the Lair of Beasts
  9740 | Lair:1   | Reached skill level 10 in Armour
 10075 | Lair:1   | Noticed a cane toad
 10103 | D:8      | Gained mutation: You have very sharp fingernails. [demonic
                  | ancestry]
 10103 | D:8      | Reached XP level 11. HP: 57/79 MP: 8/11
 10807 | Lair:1   | HP: 4/80 [poisoned by a cane toad]
 11438 | Lair:1   | Reached skill level 5 in Fighting
 11771 | Lair:1   | Reached skill level 12 in Unarmed Combat
 11788 | Lair:1   | Reached **** piety under Wu Jian
 12346 | Lair:2   | Identified the "Vycheth"
 12346 | Lair:2   | Noticed a five-headed hydra
 12673 | Lair:2   | Noticed a four-headed hydra
 12832 | Lair:3   | Noticed Snorg
 12835 | Lair:3   | HP: 4/87 [poisoned by a cane toad]
 12978 | Lair:2   | Killed a four-headed hydra
 12979 | Lair:2   | Reached skill level 13 in Unarmed Combat
 13277 | Lair:2   | Found a staircase to the Swamp.
 13300 | Lair:2   | Reached XP level 12. HP: 93/95 MP: 10/12
 13648 | Lair:2   | Found a staircase to the Snake Pit.
 13790 | Lair:2   | Killed a five-headed hydra
 14565 | Lair:2   | Noticed a four-headed hydra
 14583 | Lair:2   | Killed a four-headed hydra
 14584 | Lair:2   | Reached skill level 14 in Unarmed Combat
 14587 | Lair:2   | Reached skill level 10 in Fighting
 15292 | Lair:3   | Reached skill level 1 in Dodging
 15482 | Lair:3   | Found a large runed translucent door.
 15482 | Lair:3   | Found a large runed translucent door.
 15486 | Lair:3   | Noticed Nuemoom's ghost (journeyman TrSh)
 16236 | Lair:4   | Gained mutation: You are mostly covered in rugged brown
                  | scales. (AC +2, +5% HP) [demonic ancestry]
 16236 | Lair:4   | Reached XP level 13. HP: 93/110 MP: 11/13
 16246 | Lair:4   | Noticed Kirke
 16313 | Lair:4   | Killed Kirke
 17177 | Lair:5   | Entered Level 5 of the Lair of Beasts
 17190 | Lair:5   | Reached ***** piety under Wu Jian
 17206 | Lair:5   | Reached skill level 15 in Unarmed Combat
 17209 | Lair:5   | Reached skill level 5 in Dodging
 17324 | Lair:4   | Mangled by a cane toad

Illustrated notes

Levels and vault maps discovered:
D:1:      nicolae_arrival_memento_mori, layout_loops_ring
D:2:      layout_rooms, corexii_leaking_fountain, minmay_tetromino_i4
D:3:      layout_basic, nicolae_ashenzari_panopticon, zin_scriptorium,
          chequers_temple_overflow_statue_of_worship, uniq_natasha
D:4:      layout_loops_ring, nicolae_wu_jian_immortal_techniques, uniq_edmund,
          uniq_menkaure, uniq_eustachio
D:5:      layout_loops_ring, mainiacjoe_overflow_concentric_impassable,
          minmay_temple_entry_arrows
D:6:      layout_rooms, nicolae_half_adder
D:7:      layout_cave_pools, nicolae_overflow_crystal_walls
D:8:      layout_basic, lemuel_tele_altar, nicolae_ru_the_path_less_chosen,
          kennysheep_mini, due_lair_maze_entry_diamond, serial_undead,
          serial_undead_f, serial_undead_e, serial_undead_f, serial_undead_d,
          gammafunk_ghost_necromancy, serial_shops, shop
D:9:      layout_basic, david_orc_2, serial_shops, nicolae_shop_rolling_square,
          nicolae_the_louvre
Temple:   nicolae_temple_ecumenical_triangle
Lair:1:   layout_chaotic_city, minivault_27
Lair:2:   layout_cave_pods, minmay_swamp_entry_eels,
          minmay_snake_entry_six_corridors, nicolae_volcano_entry_lava_flow,
          st_stairs_9, grunt_forest_stairs_basic, chequers_serial_rivers_room_a,
          grunt_forest_stairs_clearing
Lair:3:   layout_loops_ring, ebering_ghost_disaster_area,
          infiniplex_staircase_pool_2, grunt_megastairs_4, lemuel_fruit_tree,
          uniq_snorg
Lair:4:   layout_regular_city, grunt_megastairs_3, uniq_kirke
Lair:5:   minmay_lair_end_frog_pond, layout_cave_shapes, slime_entry_2,
          uniq_nessos

Skill      XL: |  1  2  3  4  5  6  7  8  9 10 11 12 13 |
---------------+----------------------------------------+-----
Maces & Flails | 2 3 |  3.6
Armour         | 3 4 5 8 10 | 10.1
Unarmed Combat | 2 3 4 6 8 9 11 13 14 15 | 15.1
Fighting       | 4 8 10 12 | 12.0
Dodging        | 3 5 |  5.5
Shields        | |  2.7

Action                     |  1- 3 |  4- 6 |  7- 9 | 10-12 | 13-15 || total
---------------------------+-------+-------+-------+-------+-------++-------
  Melee: Flail             |   119 |     7 |    26 |       |       ||   152
         Dagger            |       |    90 |   407 |       |       ||   497
         Unarmed           |       |       |   184 |   800 |   216 ||  1200
         Punch             |       |       |       |    59 |    19 ||    78
         Mace              |       |       |       |    33 |       ||    33
 Invoke: Serpent's Lash    |       |       |       |     6 |     3 ||     9
Ability: Lunge             |       |       |    21 |    52 |    15 ||    88
         Whirlwind         |       |       |    14 |   126 |    63 ||   203
    Use: Potion            |       |     3 |       |     3 |     2 ||     8
         Scroll            |       |       |     1 |    19 |     2 ||    22
   Stab: Distracted        |       |       |       |     2 |     2 ||     4
 Armour: Scale mail        |    40 |       |       |       |       ||    40
         Plate armour      |    68 |    85 |   632 |   743 |   223 ||  1751
  Dodge: Dodged            |    46 |    35 |   145 |   259 |    66 ||   551
  Block: Buckler           |    31 |    18 |    41 |       |       ||    90
         Kite shield       |       |       |   177 |    38 |       ||   215

Table legend: (Time is in decaauts)
 A = Elapsed time spent in this place.
 B = Non-inter-level travel time spent in this place.
 C = Inter-level travel time spent in this place.
 D = Time resting spent in this place.
 E = Time spent auto-exploring this place.
 F = Levels seen in this place.
 G = Mean time per level.
                   A        B        C        D        E       F      G
               +--------+--------+--------+--------+--------+-----+--------+
         Total |  17254 |  16442 |    812 |   4754 |   8076 |  15 | 1150.3 |
       Dungeon |  10539 |   9948 |    591 |   2587 |   5164 |   9 | 1171.0 |
        Temple |     69 |     69 |      0 |     68 |      0 |   1 |   69.0 |
          Lair |   6645 |   6424 |    221 |   2099 |   2911 |   5 | 1329.0 |
               +--------+--------+--------+--------+--------+-----+--------+

Top non-repeatable levels by time:
  Lair:2: 2579 daAuts
     D:7: 1953 daAuts
  Lair:1: 1846 daAuts
     D:8: 1770 daAuts
     D:6: 1313 daAuts
  Lair:4: 1217 daAuts
     D:5: 1179 daAuts
     D:4: 1130 daAuts
     D:3: 993 daAuts
     D:9: 957 daAuts
  Lair:3: 872 daAuts
     D:1: 791 daAuts
     D:2: 451 daAuts
  Lair:5: 129 daAuts
  Temple: 69 daAuts
